 Dungeon Crawl Stone Soup version 0.17.2-1-ge4368a0 (webtiles) character file.

60 Goblin1989 the Cudgeler (level 3, 0/27 HPs)
             Began as a Demonspawn Gladiator on Aug 4, 2016.
             Succumbed to an adder's poison
             ... on level 2 of the Dungeon on Aug 5, 2016.
             The game lasted 00:07:40 (1052 turns).

Goblin1989 the Cudgeler (Demonspawn Gladiator)      Turns: 1052, Time: 00:07:40

Health: 0/27       AC:  6    Str: 16    XL:     3   Next: 82%
Magic:  3/3        EV: 17    Int:  9    God:
Gold:   76         SH:  0    Dex: 18    Spells: 0 memorised, 2 levels left

rFire  . . .     SeeInvis .     a - +0 flail
rCold  + . .     Clarity  .     n - +0 ring mail (curse)
rNeg   . . .     SustAt   .     (no shield)
rPois  .         Gourm    .     c - +0 helmet
rElec  .         Spirit   .     (no cloak)
rCorr  .         Warding  .     (no gloves)
rMut   .         Stasis   .     (no boots)
MR     .....                    (no amulet)
Stlth  ++++......               (no ring)
                                b - ring of protection from cold

@: agile, lethally poisoned (0 -> -7), exhausted, slowed, very slow, not
resistant to hostile enchantments, stealthy
A: nightstalker 2
a: no special abilities


You were on level 2 of the Dungeon.
You were very hungry.

You visited 1 branch of the dungeon, and saw 4 of its levels.

You collected 76 gold pieces.

Inventory:

Hand Weapons
 a - a +0 flail (weapon)
Missiles
 d - 3 throwing nets (quivered)
Armour
 c - a +0 helmet (worn)
 n - a cursed +0 ring mail (worn)
Jewellery
 b - a ring of protection from cold (left hand)
Scrolls
 h - a scroll of immolation {unknown}
 k - a scroll of remove curse {unknown}
 m - 4 scrolls of identify {unknown}
 p - a scroll of amnesia {unknown}
Potions
 g - a potion of berserk rage
 i - 2 potions of agility
 j - a potion of flight {unknown}
 o - a potion of haste {unknown}
 q - a potion of cure mutation {unknown}
Comestibles
 e - 3 bread rations
 f - a meat ration
 l - a beef jerky


   Skills:
 - Level 2.0 Fighting
 + Level 4.3 Maces & Flails
 - Level 1.7 Throwing
 - Level 2.6 Dodging


You had 2 spell levels left.
You didn't know any spells.

Dungeon Overview and Level Annotations

Branches:
Dungeon (4/15)
 Temple: D:4-7

Altars:

Annotations:
D:4 Menkaure


Innate Abilities, Weirdness & Mutations

You are significantly more attuned to the shadows.


Message History

You kill the adder!
* * * LOW HITPOINT WARNING * * *
You feel sick.
You see here an adder corpse.
You take 1 damage, and have 2/40 hp.
You butcher the adder corpse.
You enjoyed that.
You see here a chunk of flesh.
You feel a strong urge to attack something.
Unknown command.
You are no longer berserk.
You are exhausted.
You feel yourself slow down.
You are feeling very hungry.
* * * LOW HITPOINT WARNING * * *
You feel sick.
You now have 1/27 hp.
Drink which item? (? for menu, Esc to quit)
It was a potion of agility.
You feel agile all of a sudden.
You die...

.................... #.#......
....................#####.+......
...###.............##.....#...###
+#.# #...........................
.#+###....##.....................
.....#...........................
.....# ##.....%..................
.....# #........................
..<..# #.......@................
#....# #...................##...
.....# #...................# ..
........ ...................##...
........ ............########...
........+ ...........'....# #...
...##...# ........####'###...
...# .. ..##............... ....
. #...............


There were no monsters in sight!

Vanquished Creatures
  2 adders (D:2)
  3 worms
  2 giant geckos (D:1)
  An orc (D:3)
  6 bats
  3 giant cockroaches
  4 hobgoblins
  3 kobolds
  2 giant newts (D:2)
  2 goblins
  2 rats
30 creatures vanquished.

Notes
Turn   | Place    | Note
--------------------------------------------------------------
     0 | D:1      | Goblin1989 the Demonspawn Gladiator began the quest for the Orb.
     0 | D:1      | Reached XP level 1. HP: 16/16 MP: 1/1
    18 | D:1      | Reached skill level 3 in Maces & Flails
    96 | D:4      | Noticed Menkaure
   174 | D:3      | Gained mutation: You are slightly more attuned to the shadows. [demonic ancestry]
   174 | D:3      | Reached XP level 2. HP: 20/22 MP: 2/2
   355 | D:2      | Gained mutation: You are significantly more attuned to the shadows. [demonic ancestry]
   355 | D:2      | Reached XP level 3. HP: 25/27 MP: 3/3
   839 | D:2      | Reached skill level 4 in Maces & Flails
   989 | D:3      | Noticed an orc priest
  1048 | D:2      | HP: 2/40 [poisoned by an adder]
  1052 | D:2      | Succumbed to an adder's poison

Action                   || total
-------------------------++-------
Melee: Flail             ||    74
  Use: Potion            ||     2
 Stab: Sleeping          ||     7
